 Dungeon Crawl Stone Soup version 0.26-a0-1138-gef23d1325b (webtiles) character file.

Game seed: 4598038526435835904

21669 DerHolg the Fighter (level 12, 0/106 HPs)
             Began as a Ghoul Fighter on Dec 18, 2020.
             Was a Priest of Makhleb.
             Slain by a seven-headed hydra (6 damage)
             ... on level 4 of the Lair of Beasts on Dec 21, 2020.
             The game lasted 01:31:53 (18337 turns).

DerHolg the Fighter (Ghoul Fighter)                Turns: 18337, Time: 01:31:54

Health: 0/106      AC: 15    Str: 26    XL:     12   Next: 92%
Magic:  4/4        EV: 14    Int: 16    God:    Makhleb [***...]
Gold:   997        SH: 12    Dex: 17    Spells: 11/11 levels left

rFire    + . .     SeeInvis .   a - +2 whip (elec)
rCold    + . .     Faith    .   c - +0 kite shield
rNeg     + + +     Spirit   .   N - +1 scale mail of Huclybew {MP-9 Str+5 Int+9}
rPois    ∞         Reflect  .   H - +1 helmet
rElec    .         Harm     .   K - +0 cloak
rCorr    .         Rampage  .   f - +0 pair of gloves
Will     .....                  b - +0 pair of boots
Stlth    ..........             (no amulet)
HPRegen  0.00/turn              m - ring of protection from fire
MPRegen  0.09/turn              Q - ring of the Demon Prince {rN+ Int+4 Dex+5 Stlth-}

@: no status effects
A: claws 1, cold resistance 1, negative energy resistance 3, inhibited
regeneration, torment resistance, unbreathing
a: Renounce Religion, Minor Destruction, Lesser Servant of Makhleb


You were on level 4 of the Lair of Beasts.
You worshipped Makhleb.
Makhleb was most pleased with you.
You visited 3 branches of the dungeon, and saw 16 of its levels.

You collected 1258 gold pieces.
You spent 261 gold pieces at shops.

Inventory:

Hand Weapons
 a - a +2 whip of electrocution (weapon)
Missiles
 t - a boomerang of dispersal
 y - 9 boomerangs (quivered)
 E - a throwing net
Armour
 b - a +0 pair of boots (worn)
 c - a +0 kite shield (worn)
 f - a +0 pair of gloves (worn)
 H - a +1 helmet (worn)
 K - a +0 cloak (worn)
 N - the +1 scale mail of Huclybew (worn) {MP-9 Str+5 Int+9}
   (You bought it in a shop on level 9 of the Dungeon)

   It affects your strength (+5).
   It affects your intelligence (+9).
   It affects your magic capacity (-9).
Jewellery
 m - a ring of protection from fire (left hand)
 Q - the ring of the Demon Prince (right hand) {rN+ Int+4 Dex+5 Stlth-}
   (You found it on level 3 of the Lair of Beasts)

   [ring of attention]

   It affects your intelligence (+4).
   It affects your dexterity (+5).
   It protects you from negative energy.
   It makes you less stealthy.
Wands
 d - a wand of flame (18)
 h - a wand of enslavement (6)
 o - a wand of polymorph (15)
 q - a wand of disintegration (9)
 w - a wand of digging (2)
 z - a wand of iceblast (6)
 G - a wand of acid (16)
Scrolls
 e - 7 scrolls of remove curse
 j - 10 scrolls of identify
 x - 2 scrolls of enchant weapon
 A - a scroll of blinking
 B - 3 scrolls of magic mapping
 D - 2 scrolls of summoning {unknown}
 F - a scroll of noise {unknown}
 I - a scroll of acquirement {unknown}
 M - 3 scrolls of enchant armour {unknown}
 O - 8 scrolls of teleportation
 S - a scroll of brand weapon {unknown}
Potions
 g - a potion of ambrosia
 i - 2 potions of invisibility {unknown}
 k - 3 potions of heal wounds
 l - 3 potions of curing
 n - 3 potions of degeneration {unknown}
 p - 2 potions of brilliance {unknown}
 r - a potion of cancellation {unknown}
 s - 2 potions of mutation {unknown}
 u - 3 potions of flight
 v - 3 potions of haste {unknown}
 C - 3 potions of berserk rage {unknown}
 J - 2 potions of lignification {unknown}
 L - a potion of magic {unknown}
 P - a potion of might
 R - a potion of resistance


   Skills:
 + Level 9.8 Fighting
 + Level 9.1 Maces & Flails
 + Level 7.4 Throwing
 + Level 8.3 Armour
 + Level 7.7 Dodging
 + Level 8.2 Shields
 + Level 3.0 Invocations


You had 11 spell levels left.
You didn't know any spells.
Your spell library contained the following spells:

 Spells                   Type           Power        Failure   Level
 Sandblast                Erth           0%           77%         1
 Shock                    Conj/Air       0%           77%         1
 Passwall                 Tmut/Erth      0%           88%         2
 Swiftness                Air            0%           88%         2
 Static Discharge         Conj/Air       0%           98%         3
 Stone Arrow              Conj/Erth      0%           98%         3
 Airstrike                Air            0%           100%        4
 Petrify                  Tmut/Erth      0%           100%        4
 Lee's Rapid Deconstruct  Erth           0%           100%        5
 Lightning Bolt           Conj/Air       0%           100%        5


Dungeon Overview and Level Annotations

Branches:
Dungeon (11/15)            Temple (1/1) D:7            Lair (4/6) D:9
  Swamp (0/4) Lair:2        Snake (0/4) Lair:3          Orc (0/2) D:10

Altars:
Ashenzari
Cheibriados
Dithmenos
Elyvilon
Fedhas
Gozag
Hepliaklqana
Kikubaaqudgha
Makhleb
Nemelex Xobeh
Okawaru
Qazlal
Ru
Sif Muna
Trog
Uskayaw
Vehumet
Wu Jian
Xom
Yredelemnul
Zin
The Shining One
Beogh

Shops:
D:9 [

Portals:
Trove: D:11 (give 4 scrolls of blinking)

Annotations:
D:9 Erolcha
D:10 3 runed translucent doors, rooneyua's ghost, journeyman MiBe


Innate Abilities, Weirdness & Mutations

You thrive by killing the living.
You are immune to poison.
You have sharp fingernails.
Your flesh is cold resistant. (rC+)
You are immune to negative energy. (rN+++)
You do not regenerate when monsters are visible.
You are immune to unholy pain and torment.
You can survive without breathing.


Message History

You block the seven-headed hydra's attack.
The seven-headed hydra bites you. x3
* * * LOW HITPOINT WARNING * * *
You block the seven-headed hydra's attack.
The seven-headed hydra bites you!
* * * LOW HITPOINT WARNING * * *
The seven-headed hydra misses you.
The seven-headed hydra closely misses you.
The seven-headed hydra bites you!
* * * LOW HITPOINT WARNING * * *
You block the seven-headed hydra's attack. x2
The seven-headed hydra bites you but does no damage.
You block the seven-headed hydra's attack.
You see here 9 gold pieces.
The seven-headed hydra is no longer covered in acid.
A demon appears!
You can no longer hurl Makhleb's greater destruction.
The seven-headed hydra bites you but does no damage.
The seven-headed hydra misses you. The seven-headed hydra bites you.
You die...

#.........##......#..
#.....[..##.........
#P.......###........
##......#....##....#
##...........#P.....
###.$.................
###................P....
........D....##..........
........@4.######.#...P..
..........## ##.......
..........# ###.....
#.......### #P...>
.###....# #..#.. #.....
#..... #P.... #..P..
##.... #..P.. ##....#


You could see a seven-headed hydra and a friendly hellwing (summoned).

Vanquished Creatures
  A queen ant (Lair:2)
  Erica (D:10)
  2 two-headed ogres
  Nergalle (D:10)
  An unseen horror (D:11)
  A swamp dragon (Lair:2)
  Pikel (D:5)
  A deep elf mage (D:8)
  2 ugly things (D:11)
  A cyclops (D:11)
  A manticore (D:11)
  2 black mambas
  2 cane toads
  A rime drake (Lair:2)
  A komodo dragon (Lair:3)
  A troll (D:8)
  A tengu conjurer (D:11)
  A polar bear (Lair:2)
  Grinder (D:4)
  3 blink frogs (Lair:4)
  A shadow (D:10)
  13 yaks
  2 wraiths
  3 nagas (Lair:3)
  20 soldier ants
  9 water moccasins
  7 orc warriors
  A swamp drake (D:4)
  5 ice beasts
  3 phantoms
  A black bear (D:7)
  A sky beast (D:10)
  8 ogres
  4 centaurs
  2 lemures
  A big kobold (D:8)
  11 bullfrogs
  A water moccasin zombie (D:11)
  6 scorpions
  3 killer bees
  3 electric eels (Lair:1)
  2 howler monkeys
  A bullfrog zombie (D:11)
  2 centaur zombies
  6 hounds
  2 jellies
  8 orc priests
  6 orc wizards
  A bullfrog skeleton (D:5)
  2 centaur skeletons
  28 worker ants
  2 iguanas
  A hound skeleton (D:7)
  A worker ant zombie (D:6)
  14 adders
  5 white imps
  5 ufetubi
  An ooze (D:2)
  4 adder skeletons
  A worm (D:3)
  2 dart slugs
  9 leopard geckos
  37 orcs
  6 bats
  5 giant cockroaches
  8 goblins
  6 hobgoblins
  8 jackals
  5 quokkas
  3 ball pythons
  4 frilled lizards
  A jackal zombie (D:8)
  13 kobolds
  3 quokka skeletons
  A quokka zombie (D:7)
  5 rats
339 creatures vanquished.

Vanquished Creatures (collateral kills)
  A komodo dragon (Lair:2)
1 creature vanquished.

Vanquished Creatures (others)
  A two-headed ogre (D:9)
  A soldier ant (Lair:2)
  An iguana (Lair:2)
  An adder skeleton (D:8)
  An orc (D:5)
  6 fungi
  21 plants
32 creatures vanquished.

Grand Total: 372 creatures vanquished

Notes
Turn   | Place    | Note
-------+----------+-------------------------------------------
     0 | D:1      | DerHolg the Ghoul Fighter began the quest for the Orb.
     0 | D:1      | Reached XP level 1. HP: 19/19 MP: 0/0
   114 | D:1      | Reached XP level 2. HP: 21/26 MP: 1/1
   623 | D:1      | Reached XP level 3. HP: 31/31 MP: 2/2
  1158 | D:1      | Reached skill level 1 in Dodging
  1477 | D:2      | Reached XP level 4. HP: 40/40 MP: 3/3
  2021 | D:3      | Found a hide-covered altar of Uskayaw.
  2340 | D:3      | Reached XP level 5. HP: 46/46 MP: 4/4
  2933 | D:4      | Lost intelligence.
  3148 | D:4      | Found a shadowy altar of Dithmenos.
  3150 | D:4      | Found a shimmering blue altar of Sif Muna.
  3154 | D:4      | Found a radiant altar of Vehumet.
  3244 | D:4      | Noticed Grinder
  3263 | D:4      | Killed Grinder
  3264 | D:4      | Reached skill level 1 in Throwing
  3264 | D:4      | Reached XP level 6. HP: 28/53 MP: 5/5
  3471 | D:4      | Reached XP level 7. HP: 56/60 MP: 6/6
  3875 | D:4      | Noticed a steam dragon
  3875 | D:4      | an ogre changed into a steam dragon
  3885 | D:4      | a steam dragon changed into a swamp drake
  4423 | D:5      | Entered Level 5 of the Dungeon
  4487 | D:5      | Got an ichor-stained ring mail
  4488 | D:5      | Identified the +1 ring mail of Butuusm {Str+6} (You found
                  | it on level 5 of the Dungeon)
  4558 | D:5      | Found a bloodstained altar of Trog.
  4580 | D:5      | Reached XP level 8. HP: 67/67 MP: 7/7
  4711 | D:5      | Reached skill level 5 in Fighting
  5486 | D:5      | Reached skill level 5 in Maces & Flails
  6294 | D:6      | Noticed Pikel
  6422 | D:5      | Killed Pikel
  6423 | D:5      | Reached XP level 9. HP: 74/75 MP: 8/8
  6858 | D:6      | Found a white marble altar of Elyvilon.
  6895 | D:6      | Reached skill level 5 in Armour
  6895 | D:6      | Reached skill level 5 in Shields
  8194 | D:7      | Found a staircase to the Ecumenical Temple.
  8204 | Temple   | Entered the Ecumenical Temple
  8211 | Temple   | Became a worshipper of Makhleb the Destroyer
  8821 | D:8      | Noticed a deep elf mage
  9012 | D:8      | Reached XP level 10. HP: 84/84 MP: 9/9
  9568 | D:8      | Reached skill level 5 in Dodging
 10478 | D:8      | Killed a deep elf mage
 10538 | D:8      | Reached skill level 5 in Throwing
 10557 | D:8      | Reached * piety under Makhleb
 11383 | D:9      | Noticed a two-headed ogre
 11384 | D:9      | Noticed a two-headed ogre
 11392 | D:9      | Killed a two-headed ogre
 11420 | D:9      | Found a staircase to the Lair.
 11590 | D:9      | Found Uppiew's Antique Armour Boutique.
 11596 | D:9      | Bought a faintly humming scale mail for 261 gold pieces
 11606 | D:9      | Identified the +1 scale mail of Huclybew {MP-9 Str+5 Int+9}
                  | (You bought it in a shop on level 9 of the Dungeon)
 11621 | D:10     | Entered Level 10 of the Dungeon
 11629 | D:10     | Noticed Erolcha
 11715 | D:10     | Noticed Erica
 11732 | D:10     | Killed Erica
 11733 | D:10     | Reached XP level 11. HP: 94/94 MP: 1/10
 11863 | D:10     | Reached ** piety under Makhleb
 11887 | D:10     | Found a staircase to the Orcish Mines.
 11888 | D:10     | Found a roughly hewn altar of Beogh.
 11942 | D:10     | Found a stormy altar of Qazlal.
 12600 | D:10     | Found a runed translucent gate.
 12601 | D:10     | Found a runed translucent gate.
 12602 | D:10     | Found a runed translucent gate.
 12604 | D:10     | Noticed rooneyua's ghost (journeyman MiBe)
 12698 | D:10     | Noticed Nergalle
 12724 | D:10     | Killed Nergalle
 13060 | D:11     | Upgraded the game from 0.26-a0-1129-gc5df7fbe6a to
                  | 0.26-a0-1138-gef23d1325b
 13063 | D:11     | Noticed a cyclops
 13105 | D:11     | Killed a cyclops
 13316 | D:11     | Noticed a two-headed ogre
 13336 | D:11     | Killed a two-headed ogre
 13442 | D:11     | Noticed a white ugly thing
 13463 | D:11     | Killed a white ugly thing
 13527 | D:11     | Found a portal to a secret trove of treasure.
 13761 | D:11     | Killed an unseen horror
 13823 | D:11     | Noticed a manticore
 13835 | D:11     | Killed a manticore
 13902 | D:11     | Noticed a red ugly thing
 13928 | D:11     | Killed a red ugly thing
 14295 | Lair:1   | Entered Level 1 of the Lair of Beasts
 14676 | Lair:1   | Reached XP level 12. HP: 86/103 MP: 2/11
 15205 | Lair:1   | Reached *** piety under Makhleb
 15605 | Lair:2   | Noticed a queen ant
 15628 | Lair:2   | Killed a queen ant
 15768 | Lair:2   | Reached skill level 1 in Invocations
 16119 | Lair:2   | Found a staircase to the Swamp.
 16526 | Lair:2   | Reached **** piety under Makhleb
 17291 | Lair:3   | Found a staircase to the Snake Pit.
 17410 | Lair:3   | Got a glittering golden ring
 17411 | Lair:3   | Identified the ring of the Demon Prince {rN+ Int+4 Dex+5
                  | Stlth-} (You found it on level 3 of the Lair of Beasts)
 18289 | Lair:4   | Noticed a seven-headed hydra
 18337 | Lair:4   | Slain by a seven-headed hydra

Illustrated notes

Levels and vault maps discovered:
D:1:      dpeg_arrival_round_c, layout_basic, patterned_corridor
D:2:      layout_rooms
D:3:      layout_loops_ring, old_standard_altar, minmay_fractal_squares_5
D:4:      layout_loops_cross, minmay_overflow_temple_star_quad,
          kennysheep_doodads, uniq_grinder
D:5:      layout_basic, grunt_decor_junction, trog_three_pillars_becter
D:6:      layout_layer_cave, elyvilon_altar_1, uniq_pikel
D:7:      layout_basic, temple_hall, kennysheep_diamond, minmay_small_thing
D:8:      layout_cave_pools, kennysheep_generic_room_13
D:9:      layout_basic, dpeg_oklobed_lair, serial_shops, nicolae_shop_stone
D:10:     layout_grid_maze, david_orc_5, ebering_ghost_rock_garden,
          nicolae_qazlal_style_of_elements, uniq_nergalle, uniq_erica,
          uniq_erolcha
D:11:     minmay_curly_fans, layout_cave_pods, nicolae_trove_entry_isolated
Temple:   nicolae_temple_no_exploring_needed
Lair:1:   layout_chaotic_city, st_stairs_5, serial_bayou_lagoon_b,
          serial_bayou_shore_a, lemuel_fruit_fields
Lair:2:   layout_small_grid, minmay_swamp_entry_reptiles, serial_bayou_pond_e,
          minivault_29
Lair:3:   layout_chaotic_city, guppyfry_snake_entry_garden,
          serial_bayou_crossing, serial_bayou_shore_b,
          infiniplex_staircase_pool, lemuel_fruit_tree
Lair:4:   layout_misc_corridors, chequers_serial_rivers_micro_e

Skill      XL: |  1  2  3  4  5  6  7  8  9 10 11 12 |
---------------+-------------------------------------+-----
Maces & Flails | 2 3 4 6 7 8 9 |  9.1
Dodging        | 1 2 3 4 5 6 7 |  7.7
Armour         | 3 4 5 6 7 8 |  8.3
Shields        | 3 4 5 6 7 8 |  8.2
Fighting       | 4 5 6 7 8 9 |  9.8
Throwing       | 1 2 3 4 5 6 7 |  7.4
Invocations    | 3 |  3.0

Action                   |  1- 3 |  4- 6 |  7- 9 | 10-12 || total
-------------------------+-------+-------+-------+-------++-------
Melee: Flail             |   138 |   190 |   281 |       ||   609
       Whip              |       |       |   148 |  1094 ||  1242
Throw: Boomerang         |       |       |       |    69 ||    69
Invok: Minor Destruction |       |       |       |     3 ||     3
       Lesser Servant of |       |       |       |     3 ||     3
Evoke: Wand              |       |       |     4 |     9 ||    13
  Use: Scroll            |       |    12 |     1 |    10 ||    23
       Potion            |       |     1 |     2 |     4 ||     7
Armor: Scale mail        |    68 |    82 |    26 |   190 ||   366
       Ring mail         |       |       |   103 |    68 ||   171
Dodge: Dodged            |    58 |    64 |   131 |   277 ||   530
Block: Kite shield       |    56 |    88 |   169 |   403 ||   716

Table legend: (Time is in decaauts)
 A = Elapsed time spent in this place.
 B = Non-inter-level travel time spent in this place.
 C = Inter-level travel time spent in this place.
 D = Time resting spent in this place.
 E = Time spent auto-exploring this place.
 F = Levels seen in this place.
 G = Mean time per level.
                   A        B        C        D        E       F      G
               +--------+--------+--------+--------+--------+-----+--------+
         Total |  18297 |  17815 |    482 |   3216 |  10505 |  16 | 1143.6 |
       Dungeon |  14365 |  13952 |    413 |   2535 |   8139 |  11 | 1305.9 |
        Temple |     14 |     14 |      0 |      0 |      0 |   1 |   14.0 |
          Lair |   3917 |   3848 |     69 |    681 |   2365 |   4 |  979.2 |
               +--------+--------+--------+--------+--------+-----+--------+

Top non-repeatable levels by time:
     D:7: 1920 daAuts
     D:6: 1748 daAuts
  Lair:2: 1646 daAuts
     D:4: 1510 daAuts
     D:8: 1474 daAuts
     D:5: 1385 daAuts
    D:10: 1296 daAuts
    D:11: 1276 daAuts
     D:1: 1262 daAuts
  Lair:1: 1181 daAuts
     D:3: 1080 daAuts
  Lair:3: 734 daAuts
     D:2: 705 daAuts
     D:9: 704 daAuts
  Lair:4: 354 daAuts
